 Dungeon Crawl Stone Soup version 0.28-a0-1074-g3cb2360906 (webtiles) character file.

Game seed: 13535917771056014372

25724 Rothnd the Slinger (level 13, -2/95 HPs)
             Began as a Human Fighter on Dec 9, 2021.
             Was an Elder of Hepliaklqana.
             Shot with an arrow by something (11 damage)
             ... on level 1 of the Elven Halls.
             The game lasted 01:31:14 (16142 turns).

Rothnd the Slinger (Human Fighter)                 Turns: 16142, Time: 01:31:14

Health: -2/95      AC: 22    Str: 25    XL:     13   Next: 52%
Magic:  13/13      EV:  7    Int:  9    God:    Hepliaklqana [****..]
Gold:   1041       SH: 13    Dex: 24    Spells: 12/12 levels left

rFire   + . .      SeeInvis .   e - +8 hunting sling of Anguish {freeze, Dex+5}
rCold   + . .      Faith    .   P - +1 kite shield {AC+3}
rNeg    + + .      Spirit   .   t - +0 plate armour
rPois   +          Reflect  .   (no helmet)
rElec   .          Harm     .   g - +0 cloak
rCorr   +          Rampage  .   H - +0 pair of gloves
Will    ++...                   J - +1 pair of boots
Stlth   ..........              B - amulet "Datuown" {RegenMP rF++ Will+}
HPRegen 0.25/turn               C - ring of Mesuckee {*Slow rN+ Will+ rCorr Dex+7}
MPRegen 0.53/turn               A - ring "Xynubb" {Ice rPois rN+ Str+3}

@: no status effects
A: reduced essence
a: Renounce Religion, Recall Ancestor, Ancestor Identity, Transference, Idealise


You were on level 1 of the Elven Halls.
You worshipped Hepliaklqana.
Hepliaklqana was greatly pleased with you.
You visited 4 branches of the dungeon, and saw 13 of its levels.

You collected 1371 gold pieces.
You spent 330 gold pieces at shops.

Inventory:

Hand Weapons
 e - the +8 hunting sling of Anguish (weapon) {freeze, Dex+5}
   (You took it off a goblin on level 4 of the Dungeon)

   Any ammunition fired from it freezes those it strikes, dealing additional
   cold damage.
   It can also slow down cold-blooded creatures.
   Dex:       It affects your dexterity (+5).
 i - a +3 spear of freezing
 w - a +5 falchion of freezing
 S - a +5 trident of venom
Missiles
 c - 151 stones (quivered ammo)
 h - 138 arrows
 m - 128 bolts
 o - 8 curare-tipped darts
 Q - 12 throwing nets
 R - 15 boomerangs
Armour
 d - a +3 buckler
 g - a +0 cloak (worn)
 t - a +0 plate armour (worn)
 H - a +0 pair of gloves (worn)
 J - a +1 pair of boots (worn)
 P - a +1 kite shield of protection (worn)
Jewellery
 r - a ring of protection from cold
 u - a ring of fire
 y - the ring "Voapt" {rF++ rCorr SInv}
   (You took it off a vampire on level 7 of the Dungeon)

   [ring of resist corrosion]

   rF:        It greatly protects you from fire.
   SInv:      It lets you see invisible.
   rCorr:     It protects you from acid and corrosion.
 A - the ring "Xynubb" (right hand) {Ice rPois rN+ Str+3}
   (You found it on level 7 of the Dungeon)

   [ring of ice]

   It enhances your ice magic.
   Str:       It affects your strength (+3).
   rF:        It makes you vulnerable to fire.
   rC:        It protects you from cold.
   rPois:     It protects you from poison.
   rN:        It protects you from negative energy.
 B - the amulet "Datuown" (around neck) {RegenMP rF++ Will+}
   (You found it on level 7 of the Dungeon)

   [amulet of magic regeneration]

   It increases your rate of magic regeneration.
   rF:        It greatly protects you from fire.
   Will:      It increases your willpower.
 C - the ring of Mesuckee (left hand) {*Slow rN+ Will+ rCorr Dex+7}
   (You found it on level 7 of the Dungeon)

   [ring of willpower]

   Dex:       It affects your dexterity (+7).
   rN:        It protects you from negative energy.
   rCorr:     It protects you from acid and corrosion.
   *Slow:     It may slow you when you take damage.
   Will:      It increases your willpower.
 F - the ring of Vanity {rC+ Int+6}
   (You found it on level 8 of the Dungeon)

   [ring of protection from cold]

   Int:       It affects your intelligence (+6).
   rC:        It protects you from cold.
 I - a ring of wizardry
Wands
 q - a wand of flame (33)
 s - a wand of iceblast (24)
 v - a wand of charming (9)
 E - a wand of acid (5)
 G - a wand of polymorph (4)
Scrolls
 k - a scroll of identify
 D - 2 scrolls of teleportation
 K - a scroll of fear
Potions
 a - a potion of resistance
 b - a potion of ambrosia {unknown}
 f - a potion of cancellation
 l - 3 potions of degeneration
 n - a potion of attraction
 p - a potion of flight
 z - a potion of haste
 L - a potion of invisibility
 M - a potion of brilliance
 N - a potion of lignification


   Skills:
 + Level 11.2 Fighting
 + Level 5.0 Long Blades
 + Level 14.5 Slings
 + Level 10.0 Armour
 + Level 2.1 Dodging
 + Level 1.4 Stealth
 + Level 7.2 Shields


You had 12 spell levels left.
You didn't know any spells.
Your spell library contained the following spells:

 Spells                   Type           Power      Damage    Failure   Level
 Animate Skeleton         Necr           0%         N/A       100%        1
 Apportation              Tloc           0%         N/A       100%        1
 Summon Small Mammal      Summ           0%         N/A       100%        1
 Corpse Rot               Necr/Air       0%         N/A       100%        2
 Dazzling Flash           Conj/Hex       0%         N/A       100%        3
 Inner Flame              Hex/Fire       0%         N/A       100%        3
 Sticky Flame             Conj/Fire      0%         2d3       100%        4
 Agony                    Necr           0%         N/A       100%        5
 Silence                  Hex/Air        0%         N/A       100%        5
 Summon Mana Viper        Hex/Summ       0%         N/A       100%        5
 Yara's Violent Unravell  Hex/Tmut       0%         3d3       100%        5
 Conjure Ball Lightning   Conj/Air       0%         3x3d6     100%        6
 Storm Form               Tmut/Air       0%         N/A       100%        7


Dungeon Overview and Level Annotations

Branches:
Dungeon (9/15)             Temple (1/1) D:4             Orc (2/2) D:9
    Elf (1/3) Orc:2
   Lair: D:8-11

Altars:
Ashenzari
Dithmenos
Elyvilon
Fedhas
Gozag
Hepliaklqana
Kikubaaqudgha
Makhleb
Nemelex Xobeh
Okawaru
Qazlal
Ru
Sif Muna
Trog
Uskayaw
Vehumet
Wu Jian
Xom
Yredelemnul
Zin
The Shining One
Beogh

Shops:
D:7 (?((!   Orc:2 ((:=?


Message History

The stone arrow hits something!
You hear a loud twanging sound.
An arrow appears from out of thin air!
You block the arrow.
You hear a loud twanging sound.
An arrow appears from out of thin air!
The arrow hits you but does no damage.
An arrow appears from out of thin air!
The arrow hits you.
* * * LOW HITPOINT WARNING * * *
Fire: 154 stones
Press: ? - help, Shift-Dir - straight line, f - you An arrow appears from out of thin air!
The arrow hits you but does no damage.
There is an open door here.
An arrow appears from out of thin air!
The arrow hits you.
* * * LOW HITPOINT WARNING * * *
You start resting.
You hear a loud twanging sound.
An arrow appears from out of thin air!
The arrow hits you.
* * * LOW HITPOINT WARNING * * *
Fire: 154 stones
Press: ? - help, Shift-Dir - straight line You shoot a stone.
You hear a loud twanging sound.
An arrow appears from out of thin air!
The arrow hits you.
* * * LOW HITPOINT WARNING * * *
Fire: 153 stones
Press: ? - help, Shift-Dir - straight line You shoot a stone.
Fire: 152 stones
Press: ? - help, Shift-Dir - straight line You shoot a stone.
You block something's attack.
Okay, then.
You can't see any enemies this would affect, really read the scroll of fear?
As you read the scroll of fear, it crumbles to dust.
You assume a fearsome visage.
Amurritum hits something with a +0 quarterstaff.
You hear a loud twanging sound.
An arrow appears from out of thin air!
You block the arrow.
Amurritum casts a spell next to the fungus.
You hear a loud twanging sound.
An arrow appears from out of thin air!
The arrow hits you!
You die...

##'#.P.##
##..P..#
##.PPP.##
##..PPP..#
+..PPPPP.##
#..PPPPP..#


##.PPPPPPP.## #..PPPPPPP..# #..@.......(# ######R###### #.# #.# #.# #.# #.# #.#
#.# You could see the friendly Amurritum the battlemage.

Vanquished Creatures
  A deep elf annihilator (Elf:1)
  A boulder beetle (D:9)
  A hydra (D:7)
  2 two-headed ogres
  A dancing weapon (Elf:1)
  3 orc high priests (Orc:2)
  A deep elf knight (Elf:1)
  Pikel (D:8)
  3 orc knights (Orc:2)
  An oklob plant (Orc:1)
  4 orc sorcerers (Orc:2)
  A cyclops (D:8)
  Maggie (D:6)
  Joseph (D:8)
  A gargoyle (D:7)
  A kobold demonologist (D:4)
  4 trolls
  A slime creature (D:7)
  A wyvern (D:8)
  Sigmund (D:3)
  An air elemental (Elf:1)
  A vampire (D:7)
  4 yaks
  2 wargs
  2 water moccasins
  13 orc warriors
  A black bear (D:4)
  A hornet zombie (D:7)
  2 necrophages
  5 ogres
  2 wolves (D:8)
  A phantom (D:5)
  A lemure (D:8)
  The ghost of TheNamelessOne the Shield-Bearer, an amateur VSFi of Gozag (D:3)
  A kobold brigand (D:7)
  6 gnoll sergeants
  A bullfrog (D:8)
  5 scorpions
  A wyvern zombie (D:9)
  3 wights (D:7)
  19 killer bees
  A howler monkey (D:5)
  An electric eel (D:9)
  A bullfrog zombie (D:6)
  A centaur zombie (D:9)
  12 hounds
  3 gnoll shamans
  14 orc priests
  2 bullfrog skeletons
  3 jellies
  3 iguanas
  16 orc wizards
  33 gnolls
  5 adders
  5 shadow imps
  2 adder skeletons
  3 dart slugs (D:2)
  62 orcs
  9 ball pythons
  11 endoplasms
  5 giant cockroaches
  6 goblins
  7 hobgoblins
  7 jackals (D:1)
  21 kobolds
  4 quokkas
  7 bats
  3 rats
351 creatures vanquished.

Vanquished Creatures (collateral kills)
  Nessos (Orc:2)
  Sonja (Orc:1)
  A deep elf pyromancer (Elf:1)
  An orc knight (Orc:1)
  An orc sorcerer (Orc:1)
  A troll (Orc:1)
  A yak (D:8)
  Grum (D:8)
  3 wargs
  An acid dragon (D:9)
  7 orc warriors
  An ogre (D:7)
  A wolf (D:9)
  2 kobold brigands (D:9)
  A gnoll sergeant (D:9)
  A wyvern zombie (D:9)
  4 killer bees
  2 wights (D:7)
  A hound (D:9)
  5 orc priests
  2 gnoll shamans (D:9)
  3 orc wizards
  A killer bee zombie (D:7)
  7 gnolls (D:9)
  6 orcs
56 creatures vanquished.

Vanquished Creatures (others)
  An orc knight (Orc:2)
  A deep elf zephyrmancer (Elf:1)
  An ancestor (D:7)
  11 battlemagi
  An orc wizard (Orc:2)
  4 plants (D:8)
19 creatures vanquished.

Grand Total: 426 creatures vanquished

Notes
Turn   | Place    | Note
-------+----------+-------------------------------------------
     0 | D:1      | Rothnd the Human Fighter began the quest for the Orb.
     0 | D:1      | Reached XP level 1. HP: 18/18 MP: 1/1
   220 | D:1      | Reached XP level 2. HP: 20/24 MP: 2/2
   600 | D:1      | Found a faded altar of an unknown god.
   626 | D:1      | Reached XP level 3. HP: 5/29 MP: 3/3
  1488 | D:2      | Reached XP level 4. HP: 35/35 MP: 4/4
  1764 | D:2      | Got the Tome of Weightlessness
  3030 | D:2      | Reached XP level 5. HP: 35/41 MP: 5/5
  3188 | D:3      | Noticed Sigmund
  3246 | D:3      | Killed Sigmund
  3247 | D:3      | Reached skill level 1 in Dodging
  3247 | D:3      | Reached XP level 6. HP: 28/48 MP: 6/6
  3424 | D:3      | Noticed an ogre
  3433 | D:3      | Killed an ogre
  3635 | D:3      | Found a runed translucent gate.
  3637 | D:3      | Found a runed translucent gate.
  3637 | D:3      | Found a runed translucent gate.
  3665 | D:3      | Found a basalt altar of Yredelemnul.
  3749 | D:3      | Found a white marble altar of Elyvilon.
  3816 | D:3      | Noticed TheNamelessOne's ghost (amateur VSFi)
  3876 | D:3      | Killed TheNamelessOne's ghost
  3877 | D:3      | Reached XP level 7. HP: 23/54 MP: 7/7
  4114 | D:3      | Noticed a water moccasin
  4132 | D:3      | Killed a water moccasin
  4461 | D:4      | Found a transporter.
  4465 | D:4      | Noticed a kobold demonologist
  4484 | D:4      | Identified the +8 hunting sling of Anguish {freeze, Dex+5}
  4509 | D:4      | Reached skill level 5 in Armour
  4512 | D:4      | HP: 2/54 [gnoll (2)]
  4771 | D:4      | Found a staircase to the Ecumenical Temple.
  4821 | Temple   | Entered the Ecumenical Temple
  5189 | D:4      | Found an ornate altar of the Wu Jian Council.
  5277 | D:4      | Reached skill level 5 in Long Blades
  5277 | D:4      | Reached skill level 1 in Slings
  5277 | D:4      | Reached XP level 8. HP: 61/61 MP: 8/8
  5296 | D:4      | Reached skill level 2 in Slings
  5332 | D:4      | Found a transporter.
  5383 | D:4      | Found a hazy altar of Hepliaklqana.
  5387 | D:4      | Became a worshipper of Hepliaklqana the Forgotten
  5793 | D:4      | Killed a kobold demonologist
  5794 | D:4      | Reached skill level 4 in Slings
  5918 | D:5      | Entered Level 5 of the Dungeon
  6109 | D:5      | Found a burning altar of Makhleb.
  6109 | D:5      | Noticed a green death
  6112 | D:5      | Noticed a smoke demon
  6112 | D:5      | Noticed a ynoxinul
  6183 | D:5      | Reached skill level 5 in Slings
  6183 | D:5      | Reached XP level 9. HP: 63/67 MP: 9/9
  6258 | D:5      | Identified the +0 ring mail of Yredelemnul's Hope {rElec
                  | MP+9}
  6573 | D:5      | Reached skill level 6 in Slings
  6708 | D:6      | Reached skill level 5 in Fighting
  6724 | D:6      | Reached skill level 7 in Slings
  6967 | D:6      | Noticed Maggie
  6979 | D:6      | Killed Maggie
  7304 | D:6      | Reached skill level 1 in Stealth
  7308 | D:6      | Reached * piety under Hepliaklqana
  7777 | D:7      | Reached skill level 8 in Slings
  7784 | D:7      | Found Fiac's Distillery.
  7798 | D:7      | Reached XP level 10. HP: 68/68 MP: 10/10
  8030 | D:7      | Found Sigig's Weapon Boutique.
  8193 | D:7      | Reached skill level 9 in Slings
  8798 | D:7      | Noticed a two-headed ogre
  8806 | D:7      | Noticed a seven-headed hydra
  8813 | D:7      | Noticed a gargoyle
  9161 | D:7      | Found Apnihaam's Magic Scroll Shop.
  9166 | D:7      | Bought a scroll of identify for 30 gold pieces
  9420 | D:7      | Found Ydghu Ficoke's Weapon Shoppe.
  9442 | D:7      | Reached ** piety under Hepliaklqana
  9443 | D:7      | Remembered your ancestor Amurritum as a battlemage
  9470 | D:7      | Found Lecetyil's Weapon Shoppe.
  9660 | D:7      | Killed a two-headed ogre
  9661 | D:7      | Reached skill level 10 in Slings
  9727 | D:7      | Killed a gargoyle
  9732 | D:7      | Identified the ring "Voapt" {rF++ rCorr SInv}
  9784 | D:7      | Killed a seven-headed hydra
  9785 | D:7      | Reached XP level 11. HP: 65/74 MP: 11/11
  9791 | D:7      | Reached skill level 11 in Slings
  9847 | D:7      | Identified the ring "Xynubb" {Ice rPois rN+ Str+3}
  9861 | D:7      | Identified the amulet "Datuown" {RegenMP rF++ Will+}
  9873 | D:7      | Identified the ring of Mesuckee {*Slow rN+ Will+ rCorr
                  | Dex+7}
 10413 | D:8      | Identified the ring of Vanity {rC+ Int+6}
 10454 | D:8      | Noticed a cyclops
 10462 | D:8      | Killed a cyclops
 10463 | D:8      | Reached skill level 5 in Shields
 10578 | D:8      | Noticed Pikel
 10586 | D:8      | Killed Pikel
 10667 | D:8      | Noticed Grum
 10683 | D:8      | Killed Grum
 11339 | D:8      | Noticed Joseph
 11345 | D:8      | Killed Joseph
 11538 | D:9      | Reached skill level 12 in Slings
 11624 | D:9      | Reached *** piety under Hepliaklqana
 11846 | D:9      | Noticed a boulder beetle
 11859 | D:9      | Killed a boulder beetle
 11912 | D:9      | Noticed a two-headed ogre
 11920 | D:9      | Killed a two-headed ogre
 11935 | D:9      | Reached XP level 12. HP: 83/83 MP: 12/12
 12495 | D:9      | Found a staircase to the Orcish Mines.
 12946 | Orc:1    | Entered Level 1 of the Orcish Mines
 13008 | Orc:1    | Noticed Sonja
 13010 | Orc:1    | Killed Sonja
 13069 | Orc:1    | Reached **** piety under Hepliaklqana
 13227 | Orc:1    | Reached skill level 13 in Slings
 13446 | Orc:1    | Got the Reference Book on Scorching Hexes
 13571 | Orc:2    | Entered Level 2 of the Orcish Mines
 13676 | Orc:2    | Found Ymuudgh's Magic Scroll Shoppe.
 14111 | Orc:2    | Noticed an orc high priest
 14116 | Orc:2    | Noticed a soul eater
 14125 | Orc:2    | Noticed Nessos
 14127 | Orc:2    | Noticed a sixfirhy
 14291 | Orc:2    | Found a staircase to the Elven Halls.
 14323 | Orc:2    | Reached skill level 10 in Fighting
 14395 | Orc:2    | Bought a scroll of teleportation for 30 gold pieces
 14395 | Orc:2    | Bought a scroll of summoning for 95 gold pieces
 14395 | Orc:2    | Bought 3 scrolls of identify for 60 gold pieces
 14395 | Orc:2    | Bought a scroll of identify for 20 gold pieces
 14395 | Orc:2    | Bought a scroll of blinking for 75 gold pieces
 14395 | Orc:2    | Bought a scroll of identify for 20 gold pieces
 14455 | Orc:2    | Killed Nessos
 14456 | Orc:2    | Reached XP level 13. HP: 15/92 MP: 13/13
 14840 | Orc:2    | Reached skill level 14 in Slings
 15250 | Orc:2    | Found Udismuh's Jewellery Shoppe.
 15250 | Orc:2    | Found Pucsonau's Weapon Shop.
 15255 | Orc:2    | Found Zeeno's Book Shoppe.
 15255 | Orc:2    | Found Imioteq's Weapon Shop.
 15806 | Elf:1    | Entered Level 1 of the Elven Halls
 15843 | Elf:1    | Paralysed by an air elemental for 1 turns
 15849 | Elf:1    | Paralysed by an air elemental for 1 turns
 16111 | Elf:1    | Noticed a deep elf annihilator
 16118 | Elf:1    | Killed a deep elf annihilator
 16119 | Elf:1    | Reached skill level 10 in Armour
 16142 | Elf:1    | Shot with an arrow by something

Illustrated notes

Levels and vault maps discovered:
D:1:      psy_arrival_radial01, layout_basic, hellmonk_ecumenical_altar_run_dry
D:2:      minmay_angry_zag, layout_basic, minmay_hexomino_c4
D:3:      layout_basic, kennysheep_ying_yang, ebering_ghost_rock_garden,
          chequers_serial_rivers_micro_d, uniq_sigmund
D:4:      gammafunk_wand_slinger, layout_basic, marbit_many_paths,
          nicolae_wu_jian_immortal_techniques, minmay_temple_entry_offerings
D:5:      layout_loops_ring, makhleb_altar_promises_db, minmay_misc_feat_encased
D:6:      layout_basic, minmay_misc_feat_rugged, minivault_24, uniq_maggie
D:7:      minmay_the_grid_triangle_9x9_rhombus_full
          [minmay_the_grid_triangle_9x9_longest,
          minmay_the_grid_triangle_9x9_zippers_vertical,
          minmay_the_grid_triangle_9x9_swiss_cheese,
          minmay_the_grid_triangle_9x9_minimal,
          minmay_the_grid_triangle_9x9_limited_checkers,
          minmay_the_grid_triangle_9x9_sparse_checkered,
          minmay_the_grid_triangle_9x9_semitri,
          minmay_the_grid_triangle_9x9_prize_special], layout_loops_ring,
          serial_shops, shop, kennysheep_little_box, nicolae_lakefront_shop,
          nicolae_inconvenience_store, nicolae_square_shop
D:8:      layout_cave_pools, nicolae_grassy_gnolls, uniq_pikel, uniq_grum,
          uniq_joseph
D:9:      layout_big_octagon, david_orc_3, serial_gnoll_camp,
          gnoll_camp_huts_moat, gnoll_camp_mini_hut, gnoll_camp_mini_hut,
          gnoll_camp_medium_01, gnoll_camp_mini_loothouse, dk_noncrumbling_2,
          grunt_ministairs_14
Temple:   eino_temple_scatter_basement
Orc:1:    layout_caves, basic_altar, mines3_lemuel, uniq_sonja
Orc:2:    grunt_orc_tribal_feast, layout_caves, serial_shops,
          nicolae_diamond_shop, nicolae_orc_sculptors_studio, uniq_nessos
Elf:1:    layout_geoelf_octagon, gammafunk_ghost_fury_of_okawaru, serial_shops,
          shop_fountains, hangedman_elf_represent

Skill      XL: |  1  2  3  4  5  6  7  8  9 10 11 12 13 |
---------------+----------------------------------------+-----
Long Blades    | 3 4 5 |  5.0
Armour         | 4 5 6 7 8 9 10 | 10.0
Dodging        | 1 2 |  2.1
Fighting       | 4 5 6 8 10 11 | 11.2
Shields        | 4 6 7 |  7.2
Slings         | 1 5 8 10 12 13 14 | 14.5
Stealth        | 1 |  1.4

Action                   |  1- 3 |  4- 6 |  7- 9 | 10-12 | 13-15 || total
-------------------------+-------+-------+-------+-------+-------++-------
Melee: Long sword        |    95 |    12 |       |       |       ||   107
       Falchion          |       |   141 |    67 |       |       ||   208
 Fire: Hunting sling     |       |       |   210 |   671 |   120 ||  1001
Invok: Ancestor Identity |       |       |     1 |       |       ||     1
       Ancestor Life: Ba |       |       |       |     1 |       ||     1
  Use: Potion            |     1 |     2 |     1 |     2 |     2 ||     8
       Scroll            |       |     6 |     6 |    13 |     2 ||    27
Armor: Scale mail        |    59 |    46 |    22 |       |       ||   127
       Chain mail        |       |       |    14 |       |       ||    14
       Plate armour      |       |       |     1 |   112 |    21 ||   134
Dodge: Dodged            |    46 |    59 |    67 |    65 |     4 ||   241
Block: Buckler           |    35 |    65 |    36 |    84 |       ||   220
       Kite shield       |       |       |       |    42 |    20 ||    62

Table legend: (Time is in decaauts)
 A = Elapsed time spent in this place.
 B = Non-inter-level travel time spent in this place.
 C = Inter-level travel time spent in this place.
 D = Time resting spent in this place.
 E = Time spent auto-exploring this place.
 F = Levels seen in this place.
 G = Mean time per level.
                   A        B        C        D        E       F      G
               +--------+--------+--------+--------+--------+-----+--------+
         Total |  15980 |  15620 |    360 |   1650 |   9300 |  13 | 1229.2 |
       Dungeon |  12682 |  12360 |    322 |    502 |   8412 |   9 | 1409.1 |
        Temple |    176 |    176 |      0 |      0 |      0 |   1 |  176.0 |
  Orcish Mines |   2792 |   2754 |     38 |    894 |    858 |   2 | 1396.0 |
   Elven Halls |    328 |    328 |      0 |    254 |     30 |   1 |  328.0 |
               +--------+--------+--------+--------+--------+-----+--------+

Top non-repeatable levels by time:
     D:7: 2368 daAuts
   Orc:2: 2180 daAuts
     D:2: 1718 daAuts
     D:1: 1509 daAuts
     D:9: 1434 daAuts
     D:4: 1319 daAuts
     D:8: 1278 daAuts
     D:3: 1260 daAuts
     D:6: 1037 daAuts
     D:5: 756 daAuts
   Orc:1: 612 daAuts
   Elf:1: 328 daAuts
  Temple: 176 daAuts
